 Dungeon Crawl Stone Soup version 0.30-a0-778-g2ef04afb54 (webtiles) character file.

Game seed: 2812119454790491913

259 sircluck the Chopper (level 5, 0/47 HPs)
             Began as a Minotaur Fighter on Feb 16, 2023.
             Succumbed to an orc's poison
             ... on level 3 of the Dungeon.
             The game lasted 00:03:05 (2126 turns).

sircluck the Chopper (Minotaur Fighter)             Turns: 2126, Time: 00:03:06

Health: 0/47       AC:  9    Str: 23    XL:     5   Next: 95%
Magic:  4/4        EV:  8    Int:  5    God:
Gold:   156        SH:  4    Dex:  9    Spells: 4/4 levels left

rFire   . . .      SeeInvis .    a - +0 war axe
rCold   . . .      Faith    .    c - +0 buckler
rNeg    . . .      Spirit   .    o - +0 chain mail
rPois   .          Reflect  .    (helmet restricted)
rElec   .          Harm     .    (no cloak)
rCorr   .          Rampage  .    (no gloves)
Will    .....                    (no boots) Stlth
                                 (no amulet)
HPRegen 0.27/turn                (no ring)
MPRegen 0.09/turn                (no ring)

@: lethally poisoned (0 -> -6), attractive
A: horns 2, retaliatory headbutt
a: no special abilities


You were on level 3 of the Dungeon.
You visited 1 branch of the dungeon, and saw 3 of its levels.

You collected 156 gold pieces.

Inventory:

Hand Weapons
 a - a +0 war axe (weapon)
 s - a +1 dagger of holy wrath
Missiles
 f - 2 boomerangs (quivered)
 g - 9 stones
 l - 5 atropa-tipped darts
Armour
 b - a +0 scale mail
 c - a +0 buckler (worn)
 o - a +0 chain mail (worn)
 t - a +0 pair of gloves
Magical Staves
 h - a staff of death
Scrolls
 i - 4 scrolls of identify {unknown}
 m - a scroll of noise {unknown}
 p - a scroll of summoning {unknown}
 r - a scroll of immolation {unknown}
 u - 2 scrolls of teleportation {unknown}
 v - a scroll of acquirement {unknown}
 x - a scroll of enchant weapon {unknown}
Potions
 d - a potion of might
 e - a potion of degeneration {unknown}
 j - a potion of lignification {unknown}
 k - a potion of attraction
 n - a potion of invisibility {unknown}
 q - 2 potions of heal wounds {unknown}
 w - a potion of magic {unknown}


   Skills:
 + Level 4.7 Fighting
 + Level 5.1 Axes
 + Level 4.8 Armour
 + Level 1.7 Dodging
 + Level 0.2 Stealth
 + Level 4.3 Shields


You had 4 spell levels left.
You didn't know any spells.
Your spell library was empty.

Dungeon Overview and Level Annotations

Branches:
Dungeon (3/15)

Altars:

Annotations:
D:3 1 runed translucent door, Crazy Yiuf


Innate Abilities, Weirdness & Mutations

You have a pair of horns on your head.
You reflexively headbutt those who attack you in melee.


Message History

The orc warrior is almost dead.
The orc hits you but does no damage. The orc warrior barely misses you.
You furiously retaliate!
You headbutt the orc warrior!
You kill the orc warrior!
Your Axes skill increases to level 5!
You are too injured to fight recklessly!
Things that are here:
a +0 war axe; a +0 chain mail You completely miss the orc.
You barely miss the orc. The orc barely misses you. x2
You barely miss the orc. Your headbutt misses the orc. You hit the orc.
The orc hits you with a +0 trident.
* * * LOW HITPOINT WARNING * * *
The orc closely misses you. The orc hits you but does no damage.
You are poisoned.
The orc closely misses you. You furiously retaliate!
You headbutt the orc!
You kill the orc!
You hit the orc.
The orc is lightly wounded.
You feel very sick. The orc hits you but does no damage.
You are lethally poisoned!
You barely miss the orc.
The orc is lightly wounded.
* * * LOW HITPOINT WARNING * * *
You feel very sick.
You slash the orc!
You kill the orc!
You hit the orc.
* * * LOW HITPOINT WARNING * * *
You feel very sick. The orc hits you but does no damage.
You barely miss the orc.
The orc is heavily wounded.
* * * LOW HITPOINT WARNING * * *
You feel very sick. The orc misses you. The orc hits you but does no damage.
It was a potion of attraction.
You feel attractive to monsters.
You die...

.....#######.##.#
.....# ###.##<#
.....# ###...##.###
.....# #...####...##
.....###.#.##......#
.)...'...#.##......#
.....########......#
..†..# #......#
.....# #..)@..#
.....# ##.o####
.....# #... .#####
##. .# #. .# .. .#
#. .# .. ##


You could see an orc.

Vanquished Creatures
  An orc warrior (D:3)
  An orc priest (D:3)
  Natasha (twice) (D:2)
  3 adders (D:2)
  4 worms
  2 orcs (D:3)
  7 endoplasms
  8 goblins
  3 hobgoblins
  3 kobolds
  7 quokkas
  3 bats (D:1)
  3 frilled lizards
  2 rats
49 creatures vanquished.

Notes
Turn   | Place    | Note
-------+----------+-------------------------------------------
     0 | D:1      | sircluck the Minotaur Fighter began the quest for the Orb.
     0 | D:1      | Reached XP level 1. HP: 19/19 MP: 0/0
   303 | D:1      | Reached XP level 2. HP: 24/27 MP: 1/1
   831 | D:2      | Reached XP level 3. HP: 25/33 MP: 2/2
  1013 | D:2      | Reached skill level 3 in Axes
  1397 | D:2      | Noticed Natasha
  1403 | D:2      | Killed Natasha
  1404 | D:2      | Reached skill level 1 in Dodging
  1404 | D:2      | Reached XP level 4. HP: 39/40 MP: 3/3
  1480 | D:2      | Noticed Natasha
  1489 | D:2      | Killed Natasha
  1647 | D:2      | Reached skill level 4 in Axes
  2016 | D:3      | Found a runed translucent door.
  2017 | D:3      | Noticed Crazy Yiuf
  2110 | D:3      | Noticed an orc warrior
  2115 | D:3      | Reached XP level 5. HP: 31/47 MP: 4/4
  2118 | D:3      | Killed an orc warrior
  2119 | D:3      | Reached skill level 5 in Axes
  2125 | D:3      | HP: 2/47 [poisoned by an orc]
  2126 | D:3      | Succumbed to an orc's poison

Illustrated notes

Levels and vault maps discovered:
D:1:      dpeg_arrival_lava_temple_mockup, layout_loops_ring,
          nicolae_figureground_pulse
D:2:      layout_basic, grunt_ministairs_6, lightli_corner_chamber, uniq_natasha
D:3:      layout_basic, ebering_ghost_inner_flame, uniq_jessica,
          uniq_crazy_yiuf_cottage

Skill      XL: |  1  2  3  4  5 |
---------------+----------------+-----
Fighting       | 4 |  4.7
Armour         | 4 |  4.8
Shields        | 4 |  4.3
Axes           | 3 4 5 |  5.1
Dodging        | 1 |  1.7
Stealth        | |  0.2

Action                     |  1- 3 |  4- 6 || total
---------------------------+-------+-------++-------
  Melee: War axe           |    71 |    48 ||   119
         Headbutt          |     2 |     4 ||     6
    Use: Potion            |       |     1 ||     1
 Armour: Scale mail        |    32 |       ||    32
         Chain mail        |     6 |    26 ||    32
  Dodge: Dodged            |    37 |    25 ||    62
  Block: Buckler           |    11 |    10 ||    21

Table legend: (Time is in decaauts)
 A = Elapsed time spent in this place.
 B = Non-inter-level travel time spent in this place.
 C = Inter-level travel time spent in this place.
 D = Time resting spent in this place.
 E = Time spent auto-exploring this place.
 F = Levels seen in this place.
 G = Mean time per level.
                   A        B        C        D        E       F      G
               +--------+--------+--------+--------+--------+-----+--------+
         Total |   2170 |   2023 |    147 |      0 |   1652 |   3 |  723.3 |
       Dungeon |   2170 |   2023 |    147 |      0 |   1652 |   3 |  723.3 |
               +--------+--------+--------+--------+--------+-----+--------+

Top non-repeatable levels by time:
     D:2: 1032 daAuts
     D:1: 800 daAuts
     D:3: 337 daAuts
